Map: Ultralove

Players

Galkakus

  • Race: Zerg Zerg
  • League: Diamond
  • Spawn Location: 7:00

LigerMaNN - Winner!

  • Race: Zerg Zerg
  • League: Diamond
  • Spawn Location: 1:00

VOD

Have the link to the VOD?

Description

Time

  • Played on: July 1, 2025, 1:25 a.m.
  • Length: 8:34
Show
View Real Time Build Order
Export as new Build Order

Galkakus Zerg 

Build Orders: Hatch First 

Get SALT Encoding   

  12  0:00  Drone  
  13  0:08  Drone  
  14  0:16  Overlord  
  14  0:27  Drone, Extractor  
  15  0:35  Drone x2  
  17  0:51  Hatchery  
  16  0:57  Drone  
  16  0:58  Extractor  
  16  1:00  Drone  
  17  1:15  Spawning Pool  
  17  1:17  Drone  
  17  1:22  Drone  
  18  1:27  Drone  
  19  1:38  Drone  
  20  1:47  Overlord  
  20  2:00  Drone  
  21  2:03  Queen x2  
  21  2:06  Drone  
  26  2:10  Drone  
  27  2:17  Drone  
  28  2:28  Drone x2  
  30  2:36  Drone, Roach Warren  
  30  2:37  Drone  
  31  2:43  Drone  
  32  2:50  Overlord  
  32  2:57  Extractor  
  31  3:01  Drone  
  31  3:02  Drone  
  33  3:16  Evolution Chamber  
  33  3:17  Evolution Chamber, Roach  
  33  3:18  Roach x5  
  43  3:20  Overlord  
  43  3:22  Drone  
  44  3:38  Spine Crawler  
  43  3:48  Zerg Missile Weapons Level 1  
  43  3:53  Lair  
  43  3:54  Roach x2  
  47  4:16  Roach x2  
  51  4:29  Overlord  
  51  4:30  Overlord  
  51  4:48  Overlord x3, Roach x4  
  57  5:00  Roach  
  59  5:08  Drone  
  59  5:09  Drone x4, Extractor  
  47  5:47  Drone x3  
  47  5:49  Drone x6  
  56  5:53  Zerg Ground Armor Level 1  
  56  6:06  Hatchery  
  55  6:12  Roach  
  55  6:13  Roach x2  
  61  6:22  Drone x2  
  61  6:23  Drone x3  
  66  6:28  Extractor  
  65  6:42  Extractor  
  64  6:49  Drone  
  64  6:50  Drone x2  
  64  6:53  Overlord  
  64  6:54  Overlord x5  
  67  6:56  Glial Reconstitution  
  67  6:58  Metabolic Boost  
  67  7:17  Queen  
  67  7:19  Zergling x2  
  67  7:20  Zergling x22  
  81  7:25  Extractor  
  80  7:31  Zergling x6  
  83  7:40  Hydralisk Den  
  78  8:02  Zergling x2  
  78  8:03  Zergling x20  
Show
View Real Time Build Order
Export as new Build Order

LigerMaNN Zerg - Winner!

Build Orders: Hatch First 

Get SALT Encoding   

  12  0:01  Drone  
  13  0:12  Overlord  
  13  0:16  Drone  
  14  0:33  Drone x2  
  14  0:35  Drone  
  17  0:51  Hatchery  
  17  0:55  Drone  
  17  0:58  Drone  
  18  1:09  Extractor  
  17  1:15  Spawning Pool  
  16  1:18  Drone  
  16  1:21  Drone  
  18  1:28  Drone  
  19  1:40  Drone  
  20  1:50  Drone  
  21  2:00  Overlord  
  21  2:06  Queen x2  
  25  2:15  Metabolic Boost  
  25  2:25  Drone x2  
  27  2:31  Hatchery  
  27  2:36  Drone x2  
  28  2:39  Drone  
  28  2:40  Drone  
  31  2:44  Drone  
  31  2:59  Zergling x4  
  33  3:16  Baneling Nest  
  33  3:19  Zergling x8  
  36  3:22  Overlord x3  
  36  3:48  Roach Warren  
  36  3:51  Drone, Evolution Chamber  
  36  3:52  Drone x10  
  36  3:55  Drone  
  46  4:02  Lair  
  46  4:12  Drone x3, Extractor  
  46  4:16  Drone x2  
  50  4:17  Drone  
  50  4:21  Zerg Missile Weapons Level 1  
  51  4:27  Zergling x6  
  51  4:28  Zergling x2  
  55  4:44  Roach x4  
  60  4:46  Roach  
  60  4:50  Zergling x6  
  57  5:01  Roach x2  
  57  5:02  Roach  
  57  5:03  Zergling x2  
  58  5:22  Hatchery  
  58  5:25  Roach x2  
  58  5:26  Hatchery  
  59  5:29  Glial Reconstitution  
  59  5:32  Drone x2  
  59  5:34  Overlord x3  
  52  5:43  Roach x2  
  52  5:44  Roach  
  58  6:00  Drone x2  
  58  6:02  Roach x3  
  58  6:03  Roach  
  68  6:06  Drone x3  
  71  6:25  Roach x4  
  79  6:26  Roach  
  79  6:31  Drone x3  
  84  6:33  Drone  
  84  6:36  Drone  
  84  6:37  Drone  
  84  6:38  Drone  
  88  6:41  Queen  
  88  6:45  Roach x2  
  94  6:52  Roach  
  96  6:54  Overlord  
  96  6:55  Overlord x4  
  96  7:09  Overseer  
  96  7:12  Queen  
  98  7:17  Roach x5  
  98  7:18  Roach x2  
  112  7:29  Zergling x26  
  115  8:02  Roach x9  
  115  8:04  Zergling x12  
Tags
 
Matchup
ZvZ
Race
Zerg
Replay Pack
June 2025
Spawn Locations
Cross Positions
Add a new tag
Caveats
  • Supply blocks, unpowered buildings, or Contaminate may cause inaccurate times.
  • Supply counts are checked every 10 seconds.